 Dungeon Crawl Stone Soup version 0.29-a0-322-g68df515428 (webtiles) character file.

Game seed: 841305788855863581

177 101zpm the Skirmisher (level 5, -1/33 HPs)
             Began as a Gargoyle Fighter on Apr 8, 2022.
             Slain by Duvessa
             ... wielding a +2 short sword of speed
              (5 damage)
             ... on level 4 of the Dungeon.
             The game lasted 00:03:45 (2238 turns).

101zpm the Skirmisher (Gargoyle Fighter)            Turns: 2238, Time: 00:03:45

Health: -1/33      AC: 11    Str: 22    XL:     5   Next: 57%
Magic:  5/5        EV:  9    Int:  8    God:
Gold:   204        SH:  4    Dex:  9    Spells: 4/4 levels left

rFire   . . .      SeeInvis .   j - +4 hand axe (venom)
rCold   . . .      Faith    .   c - +0 buckler
rNeg    + . .      Spirit   .   b - +0 scale mail
rPois   ∞          Reflect  .   (no helmet)
rElec   +          Harm     .   (no cloak)
rCorr   .          Rampage  .   (no gloves)
Will    +....                   (no boots)
Stlth   ..........              (no amulet)
HPRegen 0.11/turn               i - ring of willpower
MPRegen 0.09/turn               (no ring)

@: no status effects
A: sickness immunity, AC +4, negative energy resistance 1, electricity
resistance, torment resistance 1, petrification resistance
a: no special abilities


You were on level 4 of the Dungeon.
You visited 1 branch of the dungeon, and saw 4 of its levels.

You collected 204 gold pieces.

Inventory:

Hand Weapons
 a - a +0 flail
 f - a +0 hunting sling
 j - a +4 hand axe of venom (weapon)
Armour
 b - a +0 scale mail (worn)
 c - a +0 buckler (worn)
Jewellery
 i - a ring of willpower (left hand)
 m - a ring of ice
Scrolls
 e - 4 scrolls of enchant armour {unknown}
 g - 3 scrolls of identify {unknown}
 k - a scroll of noise {unknown}
 l - a scroll of vulnerability {unknown}
 n - a scroll of magic mapping {unknown}
 o - a scroll of fog {unknown}
 q - a scroll of teleportation {unknown}
Potions
 d - a potion of might
 h - a potion of flight {unknown}
 p - a potion of heal wounds {unknown}
 r - a potion of invisibility {unknown}


   Skills:
 + Level 4.1 Fighting
 + Level 2.1(2.5) Axes
 + Level 2.0(2.6) Maces & Flails
 + Level 1.9 Slings
 + Level 3.9 Armour
 + Level 0.6 Dodging
 + Level 0.5 Stealth
 + Level 3.8 Shields


You had 4 spell levels left.
You didn't know any spells.
Your spell library contained the following spells:

 Spells                   Type           Power      Damage    Failure   Level
 Magic Dart               Conj           0%         1d3       82%         1
 Searing Ray              Conj           0%         2d4       91%         2
 Fulminant Prism          Conj/Hex       0%         3d6       100%        4


Dungeon Overview and Level Annotations

Branches:
Dungeon (4/15)
 Temple: D:4-7

Altars:

Shops:
D:1 =

Annotations:
D:4 Dowan, Duvessa


Innate Abilities, Weirdness & Mutations

You are immune to sickness and miasma.
Your stone body is resilient. (AC +4)
You are immune to poison.
You resist negative energy. (rN+)
You are resistant to electric shocks. (rElec)
You are resistant to unholy torment.
You are immune to petrification.


Message History

You block Duvessa's attack.
Duvessa hits you with a +2 short sword of speed.
A giant cockroach comes into view.
You barely miss Duvessa.
Duvessa is lightly wounded.
Duvessa hits you with a +2 short sword of speed. x2
Dowan says, "Magic and the sword, together, will defeat you."
Duvessa hits you but does no damage.
You hit Duvessa.
Duvessa looks as sick as possible!
Duvessa is moderately wounded.
You hit Dowan.
Dowan is poisoned.
Duvessa closely misses you. You block Duvessa's attack.
You block Dowan's attack.
Duvessa says, "Where magic fails, the sword succeeds!"
Duvessa hits you with a +2 short sword of speed!
You are too injured to fight recklessly!
You are too injured to fight recklessly!
You are too injured to fight recklessly!
You are too injured to fight recklessly!
You are too injured to fight recklessly!
You are too injured to fight recklessly!
You are too injured to fight recklessly!
You are too injured to fight recklessly!
You are too injured to fight recklessly!
You are too injured to fight recklessly!
You are too injured to fight recklessly!
You are too injured to fight recklessly!
You are too injured to fight recklessly!
You are too injured to fight recklessly!
You are too injured to fight recklessly!
You are too injured to fight recklessly!
You are too injured to fight recklessly!
You hit Duvessa.
Duvessa is heavily wounded.
You hit Dowan.
Dowan looks as sick as possible!
Duvessa hits you with a +2 short sword of speed!
* * * LOW HITPOINT WARNING * * *
Dowan closely misses you. Duvessa hits you but does no damage.
Duvessa gestures with her weapon.
Duvessa hits you with a +2 short sword of speed.
You die...

#...##...#...............
#............#......##...
##...........#......# ##
#.....######...........
#....... #............#
##...... ###....B.....
##...... ###..##....
#...#.. ##ee....... ##..
### ##.@........
#...........
#####....#.....
###.##....##.....
#........## #####
###.#....# #.##.#.#
###....##♣♣ #....+.P♣♣


You could see Duvessa (fast, extremely poisoned), Dowan (extremely poisoned) and
a giant cockroach.

Vanquished Creatures
  A scorpion (D:3)
  4 adders
  2 worms
  2 dart slugs
  4 orcs (D:4)
  9 ball pythons
  7 endoplasms
  3 giant cockroaches
  6 goblins
  6 hobgoblins
  7 kobolds
  2 quokkas
  7 bats
  5 frilled lizards
  7 rats
72 creatures vanquished.

Notes
Turn   | Place    | Note
-------+----------+-------------------------------------------
     0 | D:1      | 101zpm the Gargoyle Fighter began the quest for the Orb.
     0 | D:1      | Reached XP level 1. HP: 14/14 MP: 1/1
    62 | D:1      | Reached XP level 2. HP: 19/19 MP: 2/2
    83 | D:1      | Found a faded altar of an unknown god.
    86 | D:1      | Noticed a floating eye
    87 | D:1      | Noticed a floating eye
    87 | D:1      | Noticed an eye of devastation
    87 | D:1      | Noticed a floating eye
   676 | D:1      | Reached XP level 3. HP: 24/24 MP: 3/3
   676 | D:1      | Found Plog's One-of-a-Kind Rings.
   994 | D:2      | Reached skill level 1 in Slings
  1169 | D:2      | Reached XP level 4. HP: 29/29 MP: 4/4
  1543 | D:3      | Reached skill level 4 in Fighting
  1764 | D:3      | Reached skill level 1 in Axes
  2044 | D:4      | Noticed Duvessa
  2044 | D:4      | Noticed Dowan
  2079 | D:4      | Noticed a necrophage
  2086 | D:4      | Noticed a scorpion
  2094 | D:3      | Killed a scorpion
  2095 | D:3      | Reached XP level 5. HP: 31/33 MP: 5/5
  2238 | D:4      | Slain by Duvessa

Illustrated notes

Levels and vault maps discovered:
D:1:      scummos_arrival_forest, layout_loops_ring,
          hellmonk_ecumenical_altar_watching_god, st_stairs_2,
          nicolae_shop_unique_rings, minmay_strange_pillars
D:2:      layout_rooms, minmay_pentomino_q2
D:3:      minmay_bubble_buster, layout_rooms
D:4:      layout_cave_pools, mainiacjoe_overflow_six_doors_small,
          vehumet_crystals, biasface_ghost_orc_armoury, uniq_crazy_yiuf_cottage,
          uniq_duvessa

Skill      XL: |  1  2  3  4 |
---------------+-------------+-----
Slings         | 1 |  1.9
Fighting       | 4 |  4.1
Axes           | 2 |  2.1
Maces & Flails | |  2.0
Armour         | |  3.9
Dodging        | |  0.6
Stealth        | |  0.5
Shields        | |  3.8

Action                   |  1- 3 |  4- 6 || total
-------------------------+-------+-------++-------
Melee: Flail             |    10 |       ||    10
       Hand axe          |    38 |    78 ||   116
 Fire: Hunting sling     |    67 |       ||    67
Armor: Scale mail        |    67 |    38 ||   105
Dodge: Dodged            |    48 |    40 ||    88
Block: Buckler           |    17 |    22 ||    39

Table legend: (Time is in decaauts)
 A = Elapsed time spent in this place.
 B = Non-inter-level travel time spent in this place.
 C = Inter-level travel time spent in this place.
 D = Time resting spent in this place.
 E = Time spent auto-exploring this place.
 F = Levels seen in this place.
 G = Mean time per level.
                   A        B        C        D        E       F      G
               +--------+--------+--------+--------+--------+-----+--------+
         Total |   2318 |   2116 |    202 |      0 |   1644 |   4 |  579.5 |
       Dungeon |   2318 |   2116 |    202 |      0 |   1644 |   4 |  579.5 |
               +--------+--------+--------+--------+--------+-----+--------+

Top non-repeatable levels by time:
     D:1: 1036 daAuts
     D:3: 633 daAuts
     D:2: 491 daAuts
     D:4: 156 daAuts
